 Dungeon Sprint DCSS version 0.14-a0-1844-g8283a67 (webtiles) character file.

2144 Caerthir the Brawler (level 9, -7/80 HPs)
             Began as a Troll Monk on Jan 13, 2014.
             Was a High Priest of Okawaru.
             Mangled by a six-headed hydra (9 damage)
             ... in the Dungeon (Sprint IX: "|||||||||||||||||||||||||||||").
             The game lasted 00:03:36 (520 turns).

Caerthir the Brawler (Troll Monk)                    Turns: 520, Time: 00:03:36

HP  -7/80        AC  8     Str 24      XL: 9   Next:  9%
MP   4/4         EV 10     Int  6      God: Okawaru [*****.]
Gold 9           SH  0     Dex 15      Spells:  0 memorised,  8 levels left

rFire  . . .     SeeInvis .       - Unarmed
rCold  . . .     Clarity  .     r - +0 robe
rNeg   . . .     Conserve .     (shield restricted)
rPois  .         rCorr    .     (helmet restricted)
rElec  .         rRot     .     o - +0 cloak
SustAb . .       Spirit   .     (gloves unavailable)
rMut   .         Warding  .     (boots unavailable)
Gourm  +         NoTele   +     (no amulet)
                                q - +2 ring of protection
                                p - +3 ring of strength

@: non-regenerating, badly diseased, slightly resistant to hostile enchantments,
unstealthy
A: unfitting armour, claws 3, fast metabolism 3, gourmand, regeneration 2,
saprovore 2, shaggy fur 1, tough skin 2
a: Heroism, Finesse, Renounce Religion


You were in the Dungeon.
You worshipped Okawaru.
Okawaru was extremely pleased with you.
You were completely stuffed.

You visited 1 branch You collected 9 gold pieces.

Inventory:

Hand weapons
 a - a +2,+1 giant club
Armour
 i - a +0 robe of fire resistance
 o - a +0 cloak (worn)
 r - a +0 robe (worn)
Magical devices
 n - a wand of cold (7)
Comestibles
 b - 2 meat rations
 v - a chunk of crocodile flesh
Scrolls
 h - 2 scrolls of blinking
 l - 4 scrolls of remove curse
 m - 2 scrolls of amnesia
 u - a scroll of fear
 w - a scroll of recharging
 x - a scroll of identify
Jewellery
 p - a +3 ring of strength (left claw)
 q - a +2 ring of protection (right claw)
Potions
 c - 6 potions of curing
 d - 7 potions of heal wounds
 e - a potion of speed
 f - 4 potions of magic
 g - a potion of berserk rage
 k - a potion of invisibility
 s - 3 potions of might
Miscellaneous
 t - a stone of tremors


   Skills:
 - Level 2.4 Fighting
 - Level 2.4 Dodging
 - Level 1.1 Stealth
 + Level 19.1 Unarmed Combat


You had 8 spell levels left.
You didn't know any spells.

Dungeon Overview and Level Annotations

Branches:
Dungeon (1/1)

Altars:
Ashenzari
Cheibriados
Elyvilon
Fedhas
Kikubaaqudgha
Makhleb
Nemelex Xobeh
Okawaru
Sif Muna
Trog
Vehumet
Xom
Yredelemnul
Zin
the Shining One


Innate Abilities, Weirdness & Mutations

You are too large for most types of armour.
You have claws for hands.
Your metabolism is lightning-fast.
You like to eat raw meat.
You heal very quickly.
You can eat rotten meat.
You are covered in fur (AC +1).
You have very tough skin (AC +2).


Message History

You claw the komodo dragon.
The komodo dragon is moderately wounded.
You mangle the komodo dragon!!
The komodo dragon is severely wounded.
The komodo dragon bites you but does no damage.
You mangle the komodo dragon!!
You kill the komodo dragon!
Okawaru appreciates your kill. Something appears at your feet!
Okawaru grants you a gift!
Your Unarmed Combat skill increases to level 19!
You have reached level 9!
Your experience leads to an increase in your attributes!
Increase (S)trength, (I)ntelligence, or (D)exterity?
You feel agile.
You feel stronger.
i - a glowing robe {god gift} The six-headed hydra barely misses you.
The six-headed hydra bites you.
* * * LOW HITPOINT WARNING * * *
The six-headed hydra bites you!
You die...

▓.▓.▓_▓
▓.▓.▓_▓
▓.▓.▓_▓
▓j▓.▓_▓
▓.▓.▓_▓
▓.▓.▓_▓
▓r▓.▓_▓
▓D▓.▓_▓
▓@▓.▓_▓
▓.▓.▓_▓
▓.▓.▓_▓
▓.▓.▓_▓
▓.▓.▓_▓
▓.▓.▓_▓
▓.▓.▓_▓
▓.▓.▓_▓
▓.▓.▓_▓


You could see an agate snail, a six-headed hydra and a porcupine.

Vanquished Creatures
  A spiny frog (D)
  2 komodo dragons (D)
  A shadow (D)
  A wyvern (D)
  An ugly thing (D)
  2 hippogriffs (D)
  A sky beast (D)
  An ogre (D)
  2 crocodiles (D)
  2 giant frogs (D)
  A wight (D)
  A jelly (D)
  A quasit (D)
  A worker ant (D)
  3 adders (D)
  A green rat (D)
  An orc (D)
  A hobgoblin (D)
  2 quokkas (D)
  A ball python (D)
  A bat (D)
  A giant newt (D)
  4 goblins (D)
  2 rats (D)
35 creatures vanquished.

Notes
Turn   | Place    | Note
--------------------------------------------------------------
     0 | D        | Caerthir, the Troll Monk, began the quest for the Orb.
     0 | D        | Reached XP level 1. HP: 22/22 MP: 1/1
    23 | D        | Reached skill level 5 in Unarmed Combat
    58 | D        | Noticed a jelly
    66 | D        | Reached skill level 6 in Unarmed Combat
    66 | D        | Reached XP level 2. HP: 29/29 MP: 1/1
    72 | D        | Killed a jelly
    72 | D        | Reached skill level 8 in Unarmed Combat
    72 | D        | Reached XP level 3. HP: 28/36 MP: 2/2
    97 | D        | Found a radiant altar of Vehumet.
    97 | D        | Found a glowing golden altar of the Shining One.
    97 | D        | Found a radiant altar of Vehumet.
    97 | D        | Found an iron altar of Okawaru.
    97 | D        | Found a deep blue altar of Sif Muna.
    97 | D        | Found a basalt altar of Yredelemnul.
    97 | D        | Found a snail-covered altar of Cheibriados.
    98 | D        | Found a glowing golden altar of the Shining One.
    99 | D        | Found a glowing silver altar of Zin.
   100 | D        | Found a shattered altar of Ashenzari.
   101 | D        | Found a burning altar of Makhleb.
   102 | D        | Found a shimmering altar of Xom.
   103 | D        | Became a worshipper of Warmaster Okawaru
   103 | D        | Acquired Okawaru's first power
   104 | D        | Found a white marble altar of Elyvilon.
   105 | D        | Found an ancient bone altar of Kikubaaqudgha.
   106 | D        | Found a blossoming altar of Fedhas.
   107 | D        | Found a sparkling altar of Nemelex Xobeh.
   108 | D        | Found a bloodstained altar of Trog.
   138 | D        | Noticed a quasit
   138 | D        | Noticed a sky beast
   138 | D        | Noticed a giant frog
   143 | D        | Killed a giant frog
   143 | D        | Reached skill level 10 in Unarmed Combat
   143 | D        | Reached XP level 4. HP: 42/44 MP: 2/2
   149 | D        | Killed a sky beast
   149 | D        | Reached skill level 12 in Unarmed Combat
   149 | D        | Reached XP level 5. HP: 50/50 MP: 2/2
   150 | D        | Killed a quasit
   163 | D        | Noticed a worker ant
   163 | D        | Noticed a wight
   163 | D        | Noticed a giant frog
   163 | D        | Noticed a shadow
   163 | D        | Noticed a green ugly thing
   163 | D        | Noticed an ogre
   166 | D        | Killed an ogre
   166 | D        | Reached skill level 13 in Unarmed Combat
   166 | D        | Reached XP level 6. HP: 59/59 MP: 3/3
   172 | D        | Killed a green ugly thing
   172 | D        | Reached skill level 14 in Unarmed Combat
   179 | D        | Killed a shadow
   179 | D        | Reached skill level 15 in Unarmed Combat
   179 | D        | Reached XP level 7. HP: 29/66 MP: 3/3
   182 | D        | Killed a giant frog
   185 | D        | Killed a wight
   185 | D        | Reached skill level 16 in Unarmed Combat
   188 | D        | Killed a worker ant
   389 | D        | Noticed a wyvern
   389 | D        | Noticed a hippogriff
   389 | D        | Noticed a crocodile
   389 | D        | Noticed a hippogriff
   397 | D        | Killed a hippogriff
   400 | D        | Killed a crocodile
   401 | D        | Noticed a crocodile
   404 | D        | Reached XP level 8. HP: 25/74 MP: 1/3
   410 | D        | Killed a hippogriff
   410 | D        | Reached skill level 17 in Unarmed Combat
   413 | D        | Killed a wyvern
   416 | D        | Killed a crocodile
   506 | D        | Noticed an agate snail
   506 | D        | Noticed a porcupine
   506 | D        | Noticed a six-headed hydra
   506 | D        | Noticed a komodo dragon
   506 | D        | Noticed a spiny frog
   506 | D        | Noticed a komodo dragon
   511 | D        | Killed a komodo dragon
   511 | D        | Acquired Okawaru's second power
   511 | D        | Reached skill level 18 in Unarmed Combat
   515 | D        | Killed a spiny frog
   519 | D        | Killed a komodo dragon
   519 | D        | Received a gift from Okawaru
   519 | D        | Reached skill level 19 in Unarmed Combat
   519 | D        | Reached XP level 9. HP: 8/80 MP: 4/4
   520 | D        | HP: 2/80 [six-headed hydra (6)]
   520 | D        | Mangled by a six-headed hydra

Action                   |  1- 3 |  4- 6 |  7- 9 || total
-------------------------+-------+-------+-------++-------
Melee: Unarmed           |    32 |    23 |    41 ||    96
Invok: Heroism           |       |       |     1 ||     1
  Use: Scroll            |       |       |     1 ||     1
       Potion            |       |       |     1 ||     1
